 Dungeon Crawl Stone Soup version 0.31-a0-931-g7b59d4eb97 (webtiles) character file.

Game seed: 2592469059707092670

5 Xavori the Cutter (level 1, 0/11 HPs)
             Began as a Vine Stalker Chaos Knight on Oct 20, 2023.
             Was a Plaything of Xom.
             Succumbed to a goblin's poison
             ... on level 1 of the Dungeon.
             The game lasted 00:00:08 (63 turns).

Xavori the Cutter (Vine Stalker Chaos Knight)         Turns: 63, Time: 00:00:09

Health: 0/11       AC:  5    Str: 14    XL:     1   Next: 80%
Magic:  0/2        EV: 11    Int: 12    God:    Xom [..*...]
Gold:   7          SH:  0    Dex: 13    Spells: 0/0 levels left

rFire   . . .        a - +0 short sword (chaos)
rCold   . . .        (no shield)
rNeg    . . .        b - +2 leather armour
rPois   .            (no helmet)
rElec   .            (no cloak)
rCorr   .            (no gloves)
SInv    .            (no boots)
Will    .....        (no amulet)
Stlth   +            (no ring)
HPRegen 1.01/turn    (no ring)
MPRegen 0.08/turn

%: guardian spirit
@: lethally poisoned (0 -> -1)
A: fangs 2, regeneration 1, magic shield, antimagic bite, no potion heal 2
a: Renounce Religion


You were on level 1 of the Dungeon.
You worshipped Xom.
You were a toy of Xom.
You visited 1 branch of the dungeon, and saw 1 of its levels.

You collected 7 gold pieces.

Inventory:

Hand Weapons
 a - a +0 short sword of chaos (weapon)
Armour
 b - a +2 leather armour (worn)
Scrolls
 c - a scroll of butterflies
Potions
 d - a potion of heal wounds {unknown}


   Skills:
 + Level 2.7 Fighting
 + Level 2.7 Short Blades
 + Level 1.6 Armour
 + Level 0.8 Dodging
 * Level 1.0 Stealth
 + Level 0.1 Spellcasting


You couldn't memorise any spells.
You didn't know any spells.
Your spell library was empty.

Dungeon Overview and Level Annotations

Branches:
Dungeon (1/15)

Altars:


Innate Abilities, Weirdness & Mutations

You have extremely sharp teeth.
Your natural rate of healing is unusually fast.
When hurt, damage is shared between your health and your magic reserves.
Your bite disrupts and absorbs the magic of your enemies.
Potions cannot restore your health.


Message History

A kobold comes into view. It is wielding a +0 short sword.
The goblin shouts!
The goblin hits you with a +1 dagger of venom.
You are poisoned.
There are monsters nearby!
You hit the goblin but do no damage. You bite the goblin, but do no damage.
You feel sick. The goblin misses you.
There are monsters nearby!
You barely miss the goblin.
You feel sick. The goblin closely misses you.
There are monsters nearby!
You hit the goblin. You freeze the goblin. You bite the goblin.
You kill the goblin!
You feel sick.
Your Stealth skill increases to level 1!
A kobold is nearby!
You feel sick.
Things that are here:
a +1 dagger of venom; a goblin corpse A kobold is nearby!
You feel sick.
The kobold hits you with a +0 short sword.
A kobold is nearby!
You barely miss the kobold.
You feel sick. The kobold closely misses you.
You hit the kobold.
The kobold goes berserk!
The kobold is severely wounded.
You feel sick.
The kobold hits you with a +0 short sword.
* * * LOW HITPOINT WARNING * * *
You are too injured to fight recklessly!
You are too injured to fight recklessly!
You closely miss the kobold.
The kobold is severely wounded.
The kobold hits you with a +0 short sword.
* * * LOW HITPOINT WARNING * * *
The kobold closely misses you.
Unknown command.
You hit the kobold.
You kill the kobold!
You die...
Xom titters!

#.. ### #.. ..# #... #.#
#... #.# #...###.# #
.##.......## #
...........### ##+## #
......)@)....# #...# #
###....#.#...#####...# #
.......#.........#...##
......................##
.......#.###).##.##'#...
.........###..##....#.##
#.#..............####.#
.........###.......##.#
#.........##.#.##.#


There were no monsters in sight!

Vanquished Creatures
  A ball python (D:1)
  2 goblins (D:1)
  A frilled lizard (D:1)
  A kobold (D:1)
  A rat (D:1)
6 creatures vanquished.

Notes
Turn   | Place    | Note
-------+----------+-------------------------------------------
     0 | D:1      | Xavori the Vine Stalker Chaos Knight began the quest for
                  | the Orb.
     0 | D:1      | Reached XP level 1. HP: 11/11 MP: 2/2
    58 | D:1      | Reached skill level 1 in Stealth
    63 | D:1      | Succumbed to a goblin's poison

Illustrated notes

Levels and vault maps discovered:
D:1:      giann_bridges, layout_basic, bh_walls_and_bars

Skill      XL: |  1 |
---------------+----+-----
Stealth        | 1 |  1.0
Fighting       | |  2.7
Short Blades   | |  2.7
Armour         | |  1.6
Dodging        | |  0.8
Spellcasting   | |  0.1

Action                     || total
---------------------------++-------
  Melee: Short sword       ||    13
         Bite              ||     3
   Stab: Sleeping          ||     1
 Armour: Leather armour    ||     4
  Dodge: Dodged            ||     6

Table legend: (Time is in decaauts)
 A = Elapsed time spent in this place.
 B = Non-inter-level travel time spent in this place.
 C = Inter-level travel time spent in this place.
 D = Time resting spent in this place.
 E = Time spent auto-exploring this place.
 F = Levels seen in this place.
 G = Mean time per level.
                   A        B        C        D        E       F      G
               +--------+--------+--------+--------+--------+-----+--------+
         Total |     61 |     61 |      0 |      0 |     32 |   1 |   61.0 |
       Dungeon |     61 |     61 |      0 |      0 |     32 |   1 |   61.0 |
               +--------+--------+--------+--------+--------+-----+--------+

Top non-repeatable levels by time:
     D:1: 61 daAuts
